[Event "*** Titled Tuesday 3|2 Blitz"]
[Site "Chess.com"]
[Date "2015.03.03"]
[Round "5"]
[White "darsen_sanzhaev"]
[Black "vinceyoung15"]
[Result "1-0"]
[WhiteElo "2161"]
[BlackElo "2110"]
[TimeControl "180+2"]
[EndTime "12:00:49 PST"]
[Termination "darsen_sanzhaev won by resignation"]

1. d4 e5 2. dxe5 f6 3. e4 Nc6 4. exf6 Nxf6 5. Bd3 Bc5 6. Nf3 d6 7. Nc3 O-O 8. Ng5 Qe8 9. Nd5 Bxf2+ 10. Kxf2 Nxd5+ 11. Kg1 Qe5 12. Bc4 Qd4+ 13. Qxd4 Nxd4 14. Bxd5+ Kh8 15.
h3 h6 16. Nf7+ Kh7 17. Kh2 c6 18. Bc4 d5 19. exd5 Rxf7 20. dxc6 Rc7 21. Rf1 Rxc6 22.
Bd3+ Kg8 23. c3 Ne6 24. Be3 Bd7 25. Rad1 Rd8 26. Bb5 Rc7 27. Bf4 Bxb5 28. Rxd8+ Nxd8 29.
Bxc7 Bxf1 30. Bxd8 Kf7 31. Kg3 Bc4 32. Kf2 Bxa2 33.
b4 Ke6 34. Ke3 Kd5 35. Be7 Kc4 36. Bf8 Kxc3 37. Bxg7+ Kxb4 38. Bxh6 a5 39. Kd2 a4 40. Bf8+ Kb3 41. Kc1 b5 42. g4 b4 43. g5 Kc3 44.
Bg7+ Kd3 45. g6 Be6 46. Bf8 b3 47. h4 Kc3 48. Bg7+ Kd3 49. h5 Bf5 50. Kb2 Bg4 51.
h6 Bh5 52. h7 a3+ 53. Kxa3 Kc2 54. h8=Q b2 55. Bxb2 Bxg6 1-0

[Event "*** Titled Tuesday 3|2 Blitz"]
[Site "Chess.com"]
[Date "2015.03.03"]
[Round "5"]
[White "chesstatour"]
[Black "pKiLz5Rn9b"]
[Result "0-1"]
[WhiteElo "1889"]
[BlackElo "2230"]
[TimeControl "180+2"]
[EndTime "12:01:01 PST"]
[Termination "pKiLz5Rn9b won on time"]

1. d4 Nf6 2. c4 e6 3. Nc3 Bb4 4. Nf3 O-O 5. Bg5 h6 6. Bh4 g5 7. Bg3 Ne4 8. Rc1 d5 9. e3 c5 10. cxd5 exd5 11. Bd3 Nc6 12. O-O Bxc3 13. bxc3 Bf5 14. dxc5 Qd7 15. Nd4 Bg6 16. Bxe4 dxe4 17.
Nxc6 Qxc6 18. Qd6 Rfd8 19. Qxc6 bxc6 20. Rfd1 Rd3 21. Bd6 Rd8 22. Kf1 Rd7 23. Rxd3 exd3 24. Ke1 Rb7 25. Rd1 g4 26. f3 Rb2 27. Rd2 Rb1+ 28.
Kf2 Rc1 29. e4 Rxc3 30. Ke3 gxf3 31. gxf3 Bh5 32. Rxd3 Rc2 33. Rd2 Rc3+ 34. Rd3 Rc2 35. Rd2 Rc1 36. Rg2+ Bg6 37. Kf4 Rf1 38. h4 Kh7 39.
Be5 h5 40. Bf6 a5 41. Rd2 Rc1 42. Rd8 Kh6 43. Rh8+ Bh7 44. Be7 Kg7 45. Rc8 Rc2 46. Rxc6 Rxa2 47. Bf6+ Kg6 48. Bg5+ Kg7 49. Bh6+ Kh8 50.
Rc8+ Bg8 51. Bg5 Rc2 52. Bf6+ Kh7 53. c6 a4 54. c7 a3 55. Be5 a2 56. Ra8 f6 57. Bd6 Be6 58. e5 Kg6 59. exf6 Kxf6 60. Be5+ Kg6 61. Ra6 Kf7 62. Ra7 Ke8 63. Ra6 Ke7 64.
Ra7 Kd7 65. c8=Q+ Kxc8 66. Ra8+ Kb7 67. Ra3 Bd5 0-1

[Event "*** Titled Tuesday 3|2 Blitz"]
[Site "Chess.com"]
[Date "2015.03.03"]
[Round "5"]
[White "patzerplay"]
[Black "brauliocuarta"]
[Result "1-0"]
[WhiteElo "2179"]
[BlackElo "2008"]
[TimeControl "180+2"]
[EndTime "12:01:09 PST"]
[Termination "patzerplay won by checkmate"]

1. e4 c5 2. c3 e6 3. d4 d5 4.
exd5 exd5 5. Nf3 Nc6 6. Bb5 Bd6 7.
O-O Ne7 8. Nbd2 cxd4 9. Nxd4 O-O 10. N2f3 Bg4 11. h3 Bh5 12. Bg5 Qc7 13. Be2 a6 14. a4 h6 15. Be3 Rad8 16. Qd2 Rfe8 17. b4 Bg6 18. b5 Ne5 19. Nxe5 Bxe5 20. bxa6 bxa6 21. Bxa6 Rb8 22. Bd3 Rec8 23. Rfc1 Qa5 24. f4 Bf6 25. Bb5 Be4 26. g4 Qc7 27. Ba6 Re8 28. Bb5 Red8 29. Bd3 Bxd3 30. Qxd3 Qa5 31. Nb5 Re8 32. Bd4 Bxd4+ 33. Qxd4 Nc6 34. Qd3 Qb6+ 35.
Kg2 Re4 36. Re1 Rxf4 37. Re2 d4 38. c4 Rd8 39. Rae1 Nb4 40. Re8+ Rxe8 41. Rxe8# 1-0

[Event "*** Titled Tuesday 3|2 Blitz"]
[Site "Chess.com"]
[Date "2015.03.03"]
[Round "5"]
[White "lukas_111111"]
[Black "MattyDPerrine"]
[Result "0-1"]
[WhiteElo "2273"]
[BlackElo "2187"]
[TimeControl "180+2"]
[EndTime "12:01:15 PST"]
[Termination "MattyDPerrine won by resignation"]

1. e4 c5 2. Nf3 e6 3. d4 cxd4 4.
Nxd4 Nc6 5. Nc3 Qc7 6. Be2 Nf6 7. O-O a6 8. Be3 Bb4 9. Na4 Be7 10. Nxc6 bxc6 11.
Nb6 Rb8 12. Nxc8 Qxc8 13. e5 Nd5 14. Bc1 Bc5 15. a3 Qc7 16. c4 Ne7 17. b4 Qxe5 18.
bxc5 Qxa1 19. Qd6 Rb1 20. Bd3 f6 21. Bxb1 Qxb1 22. Bh6 Qb3 23. Bxg7 Rg8 24. Bxf6 Nf5 25. Qf4 h5 26. Kh1 Qd3 27. Re1 Kf7 28. Be5 Rg4 29.
Qc1 Qxc4 30. Qd2 Qd5 31. Qxd5 cxd5 32. Rb1 Rc4 33. h3 Rxc5 34. Rb7 Ke7 35. Ra7 d4 36. Rxa6 Rxe5 37. Ra7 d3 0-1

[Event "*** Titled Tuesday 3|2 Blitz"]
[Site "Chess.com"]
[Date "2015.03.03"]
[Round "5"]
[White "esr44"]
[Black "FrankieJay"]
[Result "1-0"]
[WhiteElo "2090"]
[BlackElo "2183"]
[TimeControl "180+2"]
[EndTime "12:01:15 PST"]
[Termination "esr44 won on time"]

1. d4 Nf6 2. c4 g6 3. Nc3 Bg7 4.
e4 d6 5. Nf3 O-O 6. h3 e5 7.
dxe5 dxe5 8. Qxd8 Rxd8 9. Bg5 Re8 10. Nd5 Nxd5 11. cxd5 c6 12. Bc4 cxd5 13. Bxd5 Nd7 14.
Rc1 Nb6 15. Bb3 Bd7 16. O-O Bc6 17. Rfe1 a5 18. Be3 Nd7 19. Ng5 Re7 20. Red1 Rf8 21.
Bd2 h6 22. Nxf7 Rexf7 23. Bxa5 Kh7 24. Bxf7 Rxf7 25. f3 Bf8 26. Bc7 Bc5+ 27. Kh2 Bd4 28. b3 Nc5 29. Bb6 Ne6 30. Bxd4 exd4 31. Rc4 g5 32. b4 Rd7 33. g3 d3 34. Rd2 Bb5 35.
Rc3 Nd4 36. Kg2 Nc2 37. a4 Bxa4 38. Kf2 Nxb4 39. Rc4 1-0

[Event "*** Titled Tuesday 3|2 Blitz"]
[Site "Chess.com"]
[Date "2015.03.03"]
[Round "5"]
[White "asms9699"]
[Black "Chesseducation4u"]
[Result "0-1"]
[WhiteElo "2217"]
[BlackElo "2329"]
[TimeControl "180+2"]
[EndTime "12:01:22 PST"]
[Termination "Chesseducation4u won by resignation"]

1. c4 Nf6 2. g3 g6 3. Bg2 Bg7 4.
Nf3 O-O 5. O-O c6 6. Nc3 d6 7. d4 Qa5 8. e4 Bg4 9. h3 Bxf3 10. Qxf3 e5 11. d5 cxd5 12. cxd5 Nbd7 13. Bd2 Rfc8 14. Qd3 a6 15. Rfc1 h5 16. a3 Kh7 17. b4 Qd8 18.
Nd1 Bh6 19. Be3 h4 20. Bxh6 Kxh6 21. Ne3 Kg7 22. Nc4 Nb6 23. Na5 Rxc1+ 24. Rxc1 Rc8 25.
Rc3 Na4 26. Rc2 Rc7 27. Bf1 Nh5 28. Kg2 hxg3 29. fxg3 Qg5 30. Rf2 Rc3 31. h4 Qe7 32.
Nc4 Rxd3 33. Bxd3 b5 34. Na5 Qa7 35. Nc6 Qe3 36. Rf3 Qd2+ 37. Kh3 Qd1 38. Kg2 Nb2 39. Bf1 Nc4 40. Nd8 f6 41. Ne6+ Kg8 42. g4 Nd2 43. Rf2 Qxg4+ 0-1

[Event "*** Titled Tuesday 3|2 Blitz"]
[Site "Chess.com"]
[Date "2015.03.03"]
[Round "5"]
[White "GeorgMeier"]
[Black "GGuseinov"]
[Result "1/2-1/2"]
[WhiteElo "2734"]
[BlackElo "2600"]
[TimeControl "180+2"]
[EndTime "12:01:26 PST"]
[Termination "Game drawn by repetition"]

1. Nf3 g6 2. g3 Bg7 3. d4 d6 4. Bg2 Nf6 5. O-O O-O 6. b3 a5 7. a4 b6 8. Bb2 Bb7 9. Nbd2 Nbd7 10.
Re1 Re8 11. e4 e5 12. dxe5 dxe5 13. Qe2 h6 14. Rad1 Qe7 15. h3 Rad8 16. Qe3 Qc5 17.
Qxc5 Nxc5 18. Bxe5 Nfxe4 19. Nxe4 Rxd1 20. Rxd1 Bxe4 21.
Bxg7 Kxg7 22. Nd4 Bxg2 23. Kxg2 Kf6 24. Kf3 Rd8 25. Ke3 Na6 26. Rd2 Nb4 27. Nb5 Re8+ 28. Kf3 c6 29. Nd6 Re1 30. Nc4 Nd5 31. Re2 Rc1 32.
Ne5 Nc3 33. Nd7+ Kg7 34. Rd2 b5 35. Nc5 bxa4 36. bxa4 Nb1 37. Rd6 Rxc2 38. Rxc6 Kh7 39. Rc7 Kg8 40. Rc8+ Kh7 41. Rc7 Kg8 42. Rc8+ Kh7 43.
Rc7 Kg8 44. Rc8+ Kh7 45. Rc7 Kg8 46. Rc8+ 1/2-1/2

[Event "*** Titled Tuesday 3|2 Blitz"]
[Site "Chess.com"]
[Date "2015.03.03"]
[Round "5"]
[White "DanielNaroditsky"]
[Black "Cryptochess"]
[Result "1-0"]
[WhiteElo "2600"]
[BlackElo "2392"]
[TimeControl "180+2"]
[EndTime "12:01:28 PST"]
[Termination "DanielNaroditsky won by resignation"]

1. b3 Nf6 2. Bb2 d5 3. g3 Nc6 4. Bg2 e5 5. d3 Be6 6. Nd2 Be7 7. Ngf3 Nd7 8. O-O O-O 9. c4 d4 10. a3 a5 11. Ne1 Nc5 12. Nc2 Qd7 13. Re1 f5 14. Rb1 Bf6 15. b4 Na4 16. Ba1 Nc3 17. Bxc3 dxc3 18. Nb3 e4 19. Nc5 Qf7 20. Nxe6 Qxe6 21.
b5 Nd4 22. dxe4 Qxc4 23. Ne3 Qc5 24. Qd3 Rad8 25. Nd5 c6 26. bxc6 bxc6 27. Nxf6+ Rxf6 28. Rbc1 c2 29. e5 Qxe5 30. Qc4+ Qe6 31. Qxe6+ Rxe6 32. e3 Nb5 33. Rxc2 Nxa3 34. Rc5 Nb5 35. Bxc6 Nd6 36. Bd5 Kf7 37. Rxa5 Kf6 38. Bxe6 Kxe6 39. Rd1 g5 40. Rad5 h5 41. h3 Rd7 42. g4 hxg4 43. hxg4 fxg4 44. Rxg5 Ne4 45. Rg6+ Kf5 46. Rxd7 Kxg6 47. Rd4 Kf5 48. Kg2 Nf6 49. Rf4+ Kg5 50. Rxf6 Kxf6 51. Kg3 Kg5 52. e4 Kh5 53. Kf4 Kh4 54. e5 Kh3 55. e6 Kg2 56. e7 Kxf2 57. Kxg4 1-0

[Event "*** Titled Tuesday 3|2 Blitz"]
[Site "Chess.com"]
[Date "2015.03.03"]
[Round "5"]
[White "Malev212"]
[Black "Aragon"]
[Result "1-0"]
[WhiteElo "2065"]
[BlackElo "1964"]
[TimeControl "180+2"]
[EndTime "12:01:29 PST"]
[Termination "Malev212 won by resignation"]

1. d4 d5 2. c4 e6 3. Nc3 c6 4.
e3 a6 5. Nf3 Nf6 6. b3 Nbd7 7.
Bd3 Bd6 8. O-O O-O 9. Bb2 b5 10. Qc2 Bb7 11. c5 Bc7 12. e4 g6 13. b4 Nh5 14. Rfe1 f5 15. exd5 exd5 16. a4 Ndf6 17. Ne5 Ne4 18. f3 Ng5 19. Bc1 Nf7 20. Nxf7 Rxf7 21. axb5 axb5 22. Rxa8 Qxa8 23. Bg5 Qb8 24. g3 Bxg3 25. Re6 Bf4 26. Qe2 Rf8 27. Be7 Ng7 28. Bxf8 Nxe6 29. Bd6 Qc8 30. Bxb5 cxb5 31. Nxb5 Bxd6 32. Nxd6 Qd7 33. Qe5 Bc6 34. b5 Ba8 35. c6 Qe7 36. c7 Bb7 37. Kh1 Qxc7 38. Qxe6+ Kg7 39. Ne8+ Kf8 40. Nxc7 1-0

[Event "*** Titled Tuesday 3|2 Blitz"]
[Site "Chess.com"]
[Date "2015.03.03"]
[Round "5"]
[White "Mugzyyy"]
[Black "BjarkeSahl"]
[Result "1-0"]
[WhiteElo "2367"]
[BlackElo "2082"]
[TimeControl "180+2"]
[EndTime "12:01:31 PST"]
[Termination "Mugzyyy won by resignation"]

1. d4 f5 2. g3 Nf6 3. Bg2 g6 4.
Nf3 Bg7 5. O-O O-O 6. c4 d6 7.
Nc3 Qe8 8. d5 c6 9. Nd4 Bd7 10.
Bf4 Na6 11. Qd2 Rc8 12. Bh6 Nc5 13. Bxg7 Kxg7 14. b4 Nce4 15. Nxe4 Nxe4 16. Qb2 Nf6 17. b5 c5 18. Ne6+ Bxe6 19. dxe6 b6 20. a4 h6 21. a5 Rb8 22. axb6 axb6 23. Ra7 Kh7 24. Rfa1 Ng8 25. Rc7 Rf6 26. Bd5 Qf8 27. Raa7 Qg7 28. Rcb7 Rff8 29. Qa3 f4 30. Rxb8 Rxb8 31. gxf4 Qd4 32.
Qe3 Kg7 33. Qxd4+ cxd4 34. Kf1 Kf6 35. e3 dxe3 36. fxe3 g5 37. Ke2 gxf4 38. exf4 Kf5 39. Ke3 h5 40. h3 Kg6 41. Ra1 Kf5 42. Rg1 Kf6 43. Rg5 Nh6 44. Ke4 Rh8 45. Rxh5 Rh7 46. f5 Rh8 47. Kf4 Rh7 48. Rg5 Rg7 49.
h4 Ng8 50. Bf3 Nh6 51. Be2 Ng8 52. Bh5 Nh6 53. Bf3 Ng8 54. Bd1 Nh6 55. Bh5 Ng8 56. Bf7 Nh6 57. Rxg7 Kxg7 58. Kg5 Kf8 59. f6 Nxf7+ 60.
exf7 Kxf7 61. fxe7 Kxe7 62. Kf5 Kf7 63. h5 Kg7 64.
Ke6 Kh6 65. Kxd6 Kxh5 66. Kc6 Kg6 67. Kxb6 1-0

[Event "*** Titled Tuesday 3|2 Blitz"]
[Site "Chess.com"]
[Date "2015.03.03"]
[Round "5"]
[White "GMHess"]
[Black "Spas_Kozhuharov"]
[Result "0-1"]
[WhiteElo "2444"]
[BlackElo "2427"]
[TimeControl "180+2"]
[EndTime "12:01:31 PST"]
[Termination "Spas_Kozhuharov won by checkmate"]

1. e4 c6 2. Nc3 d5 3. d4 dxe4 4.
Nxe4 Nd7 5. Bd3 Ngf6 6. Ng3 e6 7.
Nf3 Bd6 8. O-O O-O 9. c3 b6 10. Bg5 Bb7 11. Ne4 Be7 12. Bxf6 Nxf6 13. Qe2 Qc7 14. Nfg5 g6 15. Nxf6+ Bxf6 16. Ne4 Bg7 17. f4 c5 18. dxc5 bxc5 19. Rae1 Rad8 20. Bb1 Rd5 21. Ng5 Rfd8 22. Rf2 c4 23. Be4 Rb5 24. a4 Rb6 25. a5 Rb5 26. Bxb7 Rxb7 27. Qe4 h6 28. Nf3 Rb5 29. a6 Rb6 30. Ne5 Rc8 31. Rd1 Rxa6 32. h4 Qc5 33. h5 gxh5 34. Rd4 Qb6 35. Kh2 Ra2 36. Nxc4 Rxc4 37. Rxc4 Qxf2 38. Rc8+ Bf8 39. Qb4 Qh4+ 40. Kg1 Ra1# 0-1

[Event "*** Titled Tuesday 3|2 Blitz"]
[Site "Chess.com"]
[Date "2015.03.03"]
[Round "5"]
[White "wonderfultime"]
[Black "Novak_Pezelj"]
[Result "1-0"]
[WhiteElo "2549"]
[BlackElo "2409"]
[TimeControl "180+2"]
[EndTime "12:01:45 PST"]
[Termination "wonderfultime won on time"]

1. d4 Nf6 2. c4 d6 3. Nc3 e5 4.
Nf3 Nbd7 5. g3 Be7 6. Bg2 O-O 7.
O-O c6 8. Qc2 Qa5 9. Rd1 Re8 10.
Bd2 Qc7 11. Be1 Bf8 12. e3 a6 13. Rac1 Qb8 14. b3 e4 15. Nh4 d5 16. cxd5 cxd5 17. Na4 b5 18. Nb2 Bb7 19. Ba5 Rc8 20. Qd2 Qd6 21. Bh3 g6 22. Rxc8 Rxc8 23. b4 Qc6 24. a4 Qc2 25. axb5 axb5 26. Bf1 Qxd2 27. Rxd2 Rc1 28. Rd1 Rc2 29. Rb1 Bc6 30. Ng2 Ng4 31. Nd1 Bd6 32. h3 Ngf6 33. Ne1 Rd2 34.
Nc3 Nh5 35. Nxb5 Bxb5 36. Bxb5 Ndf6 37. Bd8 Kg7 38. g4 Ng3 39. fxg3 Bxg3 40. Ng2 h5 41.
Rf1 Nh7 42. gxh5 gxh5 43. Be8 f6 44. b5 h4 45. b6 Kf8 46. Bh5 1-0

[Event "*** Titled Tuesday 3|2 Blitz"]
[Site "Chess.com"]
[Date "2015.03.03"]
[Round "5"]
[White "KyronGriffith"]
[Black "alturas_pacificas"]
[Result "1-0"]
[WhiteElo "2165"]
[BlackElo "2053"]
[TimeControl "180+2"]
[EndTime "12:01:49 PST"]
[Termination "KyronGriffith won by resignation"]

1. e4 e5 2. Nf3 Nf6 3. Nc3 Nc6 4.
d4 exd4 5. Nxd4 Bb4 6. Nxc6 bxc6 7. Bd3 d5 8. exd5 cxd5 9. O-O O-O 10. h3 Qd6 11.
Qf3 Bb7 12. a3 Bxc3 13. bxc3 Ne4 14. Rb1 Rab8 15. Be3 Nxc3 16. Rb3 d4 17. Rxb7 Rxb7 18. Qxb7 dxe3 19. fxe3 Nd5 20. Qxa7 Re8 21. Bc4 Nf6 22. a4 h6 23. a5 Qd2 24. Qxc7 Qxe3+ 25. Kh1 Re7 26. Qb8+ Re8 27. Qb3 Qa7 28. a6 Rb8 29. Bxf7+ Kh8 30. Qe6 Rf8 31. Bg6 Qc5 32. Ra1 Qc3 33.
Qe1 Qd4 34. a7 Ra8 35. Qa5 Ne4 36. Bxe4 Qxe4 37. Rb1 Kh7 38. Rb8 Qc6 39. Rxa8 Qxa8 40. Qb6 Qe4 41. Qc7 Qe1+ 42. Kh2 1-0

[Event "*** Titled Tuesday 3|2 Blitz"]
[Site "Chess.com"]
[Date "2015.03.03"]
[Round "5"]
[White "PauloCesarCosta"]
[Black "LADIESGET2KNOWME"]
[Result "1/2-1/2"]
[WhiteElo "2051"]
[BlackElo "2263"]
[TimeControl "180+2"]
[EndTime "12:01:55 PST"]
[Termination "Game drawn by repetition"]

1. Nf3 Nf6 2. c4 g6 3. b3 Bg7 4.
Bb2 O-O 5. g3 d6 6. d4 Nc6 7.
Bg2 e5 8. dxe5 Ng4 9. O-O Ngxe5 10. Nxe5 Nxe5 11. Nc3 c6 12. Qd2 Qe7 13. Rad1 Rd8 14. h3 f5 15. e3 Be6 16. Kh2 h5 17. Ne2 h4 18. Bxe5 dxe5 19. Qc1 hxg3+ 20. fxg3 e4 21. Nf4 Bf7 22. Rxd8+ Rxd8 23. Rd1 Rd6 24. Rd2 Qd7 25. Rxd6 Qxd6 26. h4 Be5 27. Bf1 Kg7 28. Be2 Kf6 29.
Qd1 g5 30. Qxd6+ Bxd6 31. hxg5+ Kxg5 32. Kg2 a5 33. Kf2 Kf6 34. Nh5+ Ke5 35. Nf4 Be8 36. Ke1 b5 37. Kd2 b4 38. Bf1 Bf7 39. Be2 Kf6 40. Ke1 Kg5 41. Kf2 Be5 42. Bd1 Bc3 43. Be2 Kf6 44.
Bd1 a4 45. Be2 a3 46. Bd1 Ke5 47. Be2 Bd2 48. Bd1 Bc1 49. Be2 Kf6 50. Bd1 Kg5 51. Be2 Bb2 52. Bd1 Be5 53. Kg2 Bd6 54.
Kf2 Bxf4 55. gxf4+ Kh4 56. Kg2 c5 57. Kh2 Be6 58.
Kg2 Bd7 59. Kh2 Be8 60. Kg2 Bg6 61. Kh2 Bh7 62. Kg2 Bg8 63. Kh2 Be6 64. Kg2 Bd7 65. Kh2 Bc6 66. Kg2 Bb7 67. Kh2 Bc8 68. Kg2 Bd7 1/2-1/2

[Event "*** Titled Tuesday 3|2 Blitz"]
[Site "Chess.com"]
[Date "2015.03.03"]
[Round "5"]
[White "jcibarra"]
[Black "MITerryble"]
[Result "0-1"]
[WhiteElo "2529"]
[BlackElo "2523"]
[TimeControl "180+2"]
[EndTime "12:02:13 PST"]
[Termination "MITerryble won by resignation"]

1. e4 e6 2. d4 d5 3. Nd2 Be7 4. e5 c5 5. Qg4 Kf8 6. dxc5 Nc6 7. Qe2 Bxc5 8. Nb3 Bb6 9. f4 Nh6 10.
Be3 Nf5 11. Bxb6 Qxb6 12. Nf3 a5 13. a4 Bd7 14. Qd2 Nb4 15. c3 Na6 16. Nbd4 Nxd4 17.
Nxd4 Nc5 18. Bb5 Bxb5 19. axb5 Ne4 20. Qe3 g6 21. O-O h5 22. Ra4 Kg8 23. Rfa1 Kh7 24. h3 h4 25. Kh2 Ng3 26. Qf3 Kg7 27. b4 Rac8 28. bxa5 Qc7 29. R1a3 Ne4 30. a6 b6 31.
a7 Ra8 32. Nc6 Rh5 33. Rxe4 dxe4 34. Qxe4 Rf5 35. c4 Qd7 36. Rd3 Qc7 37. Ra3 Qd7 38.
Rd3 Qc7 39. Qe3 Rxa7 40. Nxa7 Qxa7 41. Rd6 Qa4 42. Qd4 Qa3 43. Rxb6 Qg3+ 44. Kh1 Rxf4 45. Qg1 Re4 46. Rd6 Re1 47. b6 Rxg1+ 48. Kxg1 Qxe5 49.
Rc6 Qe4 50. Rc7 Qe3+ 0-1

[Event "*** Titled Tuesday 3|2 Blitz"]
[Site "Chess.com"]
[Date "2015.03.03"]
[Round "5"]
[White "kharposh"]
[Black "ChessPsych0"]
[Result "0-1"]
[WhiteElo "2047"]
[BlackElo "2058"]
[TimeControl "180+2"]
[EndTime "12:02:47 PST"]
[Termination "ChessPsych0 won by checkmate"]

1. d4 Nf6 2. c4 c5 3. Nf3 cxd4 4.
Nxd4 e5 5. Nb3 d5 6. cxd5 Qxd5 7. Nc3 Qxd1+ 8. Kxd1 Bd7 9. f3 Nc6 10. e4 O-O-O 11. Bg5 Be6+ 12. Ke1 Nb4 13. Rc1 Kb8 14. Be2 Nxa2 15. Nxa2 Bxb3 16. Nc3 Be7 17. h4 Rd7 18.
Be3 Rhd8 19. Kf2 b6 20. Bb5 Rc7 21. Be2 Bc5 22. Nb5 Bxe3+ 23. Kxe3 Rxc1 24. Rxc1 a6 25. Nc7 a5 26. Na6+ Kb7 27. Rc7+ Ka8 28.
Re7 Rd7 29. Rxe5 Ba4 30. g4 Kb7 31. g5 Ng8 32. Re8 Rd3+ 33. Bxd3 Bxe8 34. Kd4 Ne7 35.
Ke5 Kc6 36. Bb5+ Kxb5 37. Nc7+ Kb4 38. Nxe8 Kb3 39. Nxg7 Kxb2 40. Kf6 a4 41. Kxe7 a3 42. Nf5 a2 43. Ne3 a1=Q 44. Nc4+ Kc3 45. Nd6 Qa3 46.
Kd7 Qc5 47. Nxf7 b5 48. e5 Qd5+ 49. Ke7 b4 50. e6 b3 51. Nd6 b2 52. Ne4+ Kb4 53.
Kf6 b1=Q 54. e7 Qb2+ 55. Nc3 Qxc3# 0-1

[Event "*** Titled Tuesday 3|2 Blitz"]
[Site "Chess.com"]
[Date "2015.03.03"]
[Round "5"]
[White "promen1999"]
[Black "Tirantes"]
[Result "1-0"]
[WhiteElo "2292"]
[BlackElo "2225"]
[TimeControl "180+2"]
[EndTime "12:03:02 PST"]
[Termination "promen1999 won on time"]

1. d4 Nf6 2. c4 e6 3. Nf3 Bb4+ 4.
Nbd2 d5 5. a3 Be7 6. g3 O-O 7.
Bg2 b6 8. O-O Ba6 9. b3 Nbd7 10.
Bb2 c5 11. Rc1 Rc8 12. Re1 Re8 13. e4 dxe4 14. Nxe4 Bb7 15. Nxf6+ Nxf6 16. Qe2 Bxf3 17.
Bxf3 cxd4 18. Red1 e5 19. b4 Bf8 20. Bg2 a5 21. Qe1 axb4 22. axb4 Qd7 23. Qd2 Qa4 24. b5 Qb4 25. Qxb4 Bxb4 26. f4 exf4 27. Bxd4 Bc5 28. Bc6 Bxd4+ 29. Rxd4 Re5 30. Rxf4 Rc5 31. Rd1 Kf8 32.
h3 Rb8 33. Kf2 Ke7 34. g4 Rd8 35. Rxd8 Kxd8 36. Ke3 Ke7 37. Kd4 h6 38. Rf1 Kd6 39. Ra1 Re5 40. Ra7 Re7 41. Ra6 Kc7 42.
Ra7+ Kd6 43. Ra8 Re1 44. Rf8 Rd1+ 45. Kc3 Ke7 46. Rb8 Rc1+ 47. Kb3 Kd6 48. Rxb6 Kc5 49.
Rb7 Rxc4 50. Rxf7 Rb4+ 51. Kc3 Rc4+ 52. Kd3 Rd4+ 53. Ke3 Nd5+ 54. Bxd5 Rxd5 55. Rxg7 h5 56. g5 h4 57. Kf4 Kxb5 58. Kg4 Rd4+ 59. Kh5 Kc6 60.
Re7 Kd6 61. Re3 Kd7 62. g6 Rd5+ 63. Kh6 Rd6 64. Kh7 Rf6 65. g7 1-0

[Event "*** Titled Tuesday 3|2 Blitz"]
[Site "Chess.com"]
[Date "2015.03.03"]
[Round "5"]
[White "ViennaRocket"]
[Black "gumersindo"]
[Result "0-1"]
[WhiteElo "2182"]
[BlackElo "2101"]
[TimeControl "180+2"]
[EndTime "12:03:16 PST"]
[Termination "gumersindo won by resignation"]

1. d4 d5 2. c4 c6 3. cxd5 cxd5 4.
Nc3 Nf6 5. f3 Nc6 6. e4 e6 7. e5 Nd7 8. f4 Qb6 9. Nf3 Be7 10. Be2 O-O 11. O-O f6 12. Kh1 fxe5 13. fxe5 Rxf3 14. Bxf3 Qxd4 15. Qxd4 Nxd4 16. Bf4 a6 17.
Rad1 Nxf3 18. gxf3 Nb6 19. b3 Bd7 20. Be3 Nc8 21.
f4 g6 22. Ne2 Bd8 23. Nd4 Ne7 24. Rc1 Nc6 25. Kg2 Be7 26. Kf3 Rf8 27. Ke2 Rc8 28.
Bf2 Ba3 29. Rcd1 Nb4 30. Rd2 Kf7 31. h4 Nc6 32. Nxc6 Bxc6 33. Rh1 Bb5+ 34. Kf3 Rc3+ 35.
Kg2 Bc1 36. Rd4 Rc2 37. Kg3 Bb2 38. Rdd1 Bc6 39. Bd4 Bxd4 40. Rxd4 Rxa2 41. h5 Kg7 42. hxg6 hxg6 43. Rg1 Rc2 44. Rd3 Bb5 45. Rf3 d4 46. Rd1 d3 47. Rf2 Rc3 48. Rb2 Bc6 49. Kf2 Be4 50. Ke3 Bf5 51. b4 Rc4 52. Rdd2 Re4+ 53. Kf3 Rd4 54. b5 a5 55. b6 a4 56. Rb5 Rc4 57. Ra5 Rc2 58. Ke3 Rc4 59. Rb2 g5 60. fxg5 Kg6 61. Ra7 Be4 62. Rf2 Kxg5 63. Rf4 d2 64. Rf1 Rc1 0-1

[Event "*** Titled Tuesday 3|2 Blitz"]
[Site "Chess.com"]
[Date "2015.03.03"]
[Round "5"]
[White "Hafez_Bakr"]
[Black "Bab3s"]
[Result "0-1"]
[WhiteElo "1829"]
[BlackElo "2051"]
[TimeControl "180+2"]
[EndTime "12:04:21 PST"]
[Termination "Bab3s won by resignation"]

1. e4 e5 2. Nf3 Nc6 3. Bb5 a6 4. Ba4 Nf6 5. O-O b5 6. Bb3 Bb7 7.
Re1 Bc5 8. c3 d6 9. d4 Bb6 10.
d5 Ne7 11. Bc2 Ng6 12. Be3 O-O 13. a4 Bxe3 14. Rxe3 c6 15. dxc6 Bxc6 16. axb5 axb5 17. Nbd2 Rxa1 18. Qxa1 Nf4 19. g3 Nh3+ 20. Kg2 Nxf2 21. Kxf2 Ng4+ 22. Ke2 Nxe3 23. Kxe3 Qb6+ 24. Ke2 Ra8 25. Qb1 h6 26. b4 Bd7 27. Bb3 Bg4 28. Qf1 Kh7 29. h3 Be6 30. Bxe6 fxe6 31. Qf2 Qc7 32.
Qe3 Ra3 33. Nb1 Ra2+ 34. Nfd2 Qf7 35. Qf3 Qc7 36. Qd3 Qc6 37. Ke3 Ra8 38. Nf3 Rf8 39. Nbd2 Qb6+ 40. Ke2 Kh8 41. h4 Ra8 42. Qe3 Qc7 43.
g4 Ra3 44. Nb1 Ra1 45. Nfd2 Ra8 46. g5 h5 47. g6 Qe7 48. Nf3 Rf8 49. Qg5 Qxg5 50.
Nxg5 Rf4 51. Ke3 Rxh4 52. Nf7+ Kg8 53. Nxd6 Rg4 54. Nxb5 h4 55. Nd2 h3 56. Nf3 Rg3 57. Kf2 Rg2+ 58. Kf1 Rxg6 59. c4 Rg4 60. Nc3 Rf4 61. Ke2 g5 62. b5 g4 63. Nh2 g3 64.
Nf3 h2 65. b6 h1=Q 66. b7 Qxf3+ 67. Kd2 Qf2+ 68. Kd3 Rf8 69. Ne2 Rd8+ 70. Kc3 Qxe2 71. Kb4 Qb2+ 72. Kc5 Rb8 73. Kd6 Qxb7 74. Kxe6 Re8+ 75.
Kf5 Qf7+ 76. Kg4 Re6 77. Kxg3 Rg6+ 0-1

[Event "*** Titled Tuesday 3|2 Blitz"]
[Site "Chess.com"]
[Date "2015.03.03"]
[Round "5"]
[White "megarompa"]
[Black "EltajSafarli"]
[Result "1/2-1/2"]
[WhiteElo "2648"]
[BlackElo "2677"]
[TimeControl "180+2"]
[EndTime "12:04:29 PST"]
[Termination "Game drawn - insufficient material"]

1. d4 Nf6 2. Nf3 g6 3. Nc3 d5 4.
Bf4 Nbd7 5. Nb5 e5 6. dxe5 c6 7. Nc3 Nh5 8. Bg5 Be7 9. Bh6 Qb6 10. Qd2 Nc5 11. O-O-O Be6 12. h3 Ne4 13. Nxe4 dxe4 14. Nd4 Rd8 15. e3 f6 16. g4 fxe5 17. gxh5 exd4 18.
exd4 c5 19. Qf4 cxd4 20. Qxe4 Bd5 21. Qe5 Rg8 22. Rg1 Kf7 23. hxg6+ hxg6 24. Qf4+ Bf6 25. Bd3 Qd6 26. Qg4 Be6 27. Qf3 Bd5 28. Qg4 Be6 29.
Bxg6+ Ke7 30. Qf3 Qb6 31. Rde1 d3 32. c3 d2+ 33. Bxd2 Rxd2 34. Kxd2 Qxb2+ 35. Kd1 Rd8+ 36. Bd3 Rd6 37. Rg6 Qxc3 38. Re3 Qb2 39. Rxf6 Qxf6 40.
Qxf6+ Kxf6 41. Ke2 Bxa2 42. Rg3 Be6 43. h4 a5 44. h5 a4 45. h6 a3 46. h7 Rd8 47. Rf3+ Kg7 48. Rg3+ Kh8 49. Rg1 a2 50. f4 Ra8 51. Ra1 Ra5 52. Kd2 b5 53. Kc3 Ra3+ 54.
Kd4 b4 55. Bc4 b3 56. Kc3 b2+ 57. Kxb2 Re3 58. Bxe6 Rxe6 59. Rxa2 Kxh7 60. Kc3 Kg6 61. Ra5 Rf6 62. Rg5+ Kh6 63. Rg4 Kh5 64. Rg5+ Kh4 65. Rg8 Rxf4 66. Kd3 Rg4 67. Rf8 Kg3 68. Ke3 Rg7 69.
Rf3+ Kg4 70. Rf4+ Kg5 71. Re4 Rf7 72. Re5+ Rf5 73. Rxf5+ Kxf5 1/2-1/2

[Event "*** Titled Tuesday 3|2 Blitz"]
[Site "Chess.com"]
[Date "2015.03.03"]
[Round "5"]
[White "petrpalachev"]
[Black "Yaacovn"]
[Result "1/2-1/2"]
[WhiteElo "2443"]
[BlackElo "2531"]
[TimeControl "180+2"]
[EndTime "12:04:30 PST"]
[Termination "Game drawn - insufficient material"]

1. d4 Nf6 2. c4 e5 3. dxe5 Ne4 4.
Qc2 Bb4+ 5. Nc3 d5 6. Nf3 Bf5 7. Qb3 Bxc3+ 8. bxc3 dxc4 9. Qxc4 O-O 10. Nd4 Bg6 11.
g3 c5 12. Nb5 Nc6 13. Bf4 Qa5 14. Nd6 Nd4 15. Rc1 b5 16. Nxb5 Nxb5 17. f3 Nexc3 18. Bd2 Qa3 19. Rxc3 Nxc3 20. Bxc3 Rab8 21. Kf2 Rb1 22.
Bg2 Rxh1 23. Bxh1 h6 24. f4 Qc1 25. Bd5 Kh7 26. Qxc5 Bf5 27. Qxf8 Qxc3 28. Bf3 Be6 29.
Qa8 Qc5+ 30. Kg2 Bxa2 31. Be4+ g6 32. Qb7 a5 33. Qa6 Bc4 34. Qf6 Bd5 35. Bxd5 Qxd5+ 36. Kf2 a4 37. e4 Qd4+ 38. Kf3 Qd1+ 39. Kf2 Qc2+ 40. Kf3 Qb3+ 41. Kg2 a3 42. f5 a2 43. fxg6+ fxg6 44. Qe7+ Kg8 45. Qe8+ Kg7 46. Qd7+ Kf8 47. e6 Qb2+ 48. Kh3 Qf6 49. Qd6+ Qe7 50. Qa6 a1=Q 51. Qxa1 Qxe6+ 52. g4 Qxe4 53. Qh8+ Kf7 54. Qh7+ Kf6 55. Qxh6 Qf3+ 56. Kh4 Qf2+ 57. Kh3 Qf3+ 58. Kh4 Qf2+ 59. Kh3 Qf1+ 60. Kg3 Qd3+ 61. Kf2 Qc2+ 62. Ke1 Qb1+ 63.
Ke2 Qe4+ 64. Kf2 Qxg4 65. Qf8+ Kg5 66. Qd8+ Kf4 67. Qd4+ Kf5 68. Qd7+ Kg5 69. Qe7+ Kf5 70. Qc5+ Kf6 71. Qf8+ Ke5 72. Qg7+ Kd5 73. Qf7+ Ke5 74. Qe7+ Kf5 75. Qd7+ Kg5 76. Qd8+ Kf5 77. Qc8+ Kg5 78.
Qd8+ Kf4 79. Qd6+ Ke4 80. Qe7+ Kd5 81. Qf7+ Kc6 82. Qf3+ Qxf3+ 83. Kxf3 Kd6 84. Kg4 Ke7 85. Kg5 Kf7 86. Kh6 Kf6 87. h4 Kf5 88. Kg7 g5 89. hxg5 Kxg5 1/2-1/2